 Dungeon Crawl Stone Soup version 0.32-a0-932-g546787307d (console) character file.

Game seed: 5790633696129001487

5182 Lightli the Toxicologist (level 10, 0/76 HPs)
             Began as a Merfolk Alchemist on Apr 21, 2024.
             Was a Priest of Cheibriados.
             Slain by a howler monkey (1 damage)
             ... on level 9 of the Dungeon.
             The game lasted 00:14:51 (11136 turns).

Lightli the Toxicologist (Merfolk Alchemist)       Turns: 11136, Time: 00:14:52

Health: 0/76       AC:  7    Str: 18    XL:     10   Next: 60%
Magic:  9/19       EV: 19    Int: 26    God:    Cheibriados [***...]
Gold:   542        SH:  0    Dex: 28    Spells: 14/21 levels left

rFire   x . .        l - +2 long sword (protect)
rCold   . . .        (no shield)
rNeg    . . .        a - +0 robe
rPois   .            z - +0 helmet
rElec   .            (no cloak)
rCorr   .            (no gloves)
SInv    .            (no boots)
Will    .....        s - amulet of faith
Stlth   +++          c - +4 ring of protection
HPRegen 0.32/turn    B - +6 ring of dexterity
MPRegen 0.16/turn

%: faith
@: about to teleport, fire vulnerable, on blink cooldown, studying Invocations,
very slow
A: (nimble swimmer 2), mertail
a: Renounce Religion, Bend Time, Temporal Distortion


You were on level 9 of the Dungeon.
You worshipped Cheibriados.
Cheibriados was most pleased with you.
You visited 2 branches of the dungeon, and saw 10 of its levels.

You collected 570 gold pieces.
You spent 28 gold pieces at shops.

Inventory:

Hand Weapons
 l - a +2 long sword of protection (weapon)
Missiles
 C - a throwing net
Armour
 a - a +0 robe (worn)
 z - a +0 helmet (worn)
Jewellery
 c - a +4 ring of protection (left hand)
 e - a ring of fire
 s - an amulet of faith (around neck)
 A - a ring of flight
 B - a +6 ring of dexterity (right hand)
Wands
 t - a wand of paralysis (10)
 w - a wand of warping (3)
 y - a wand of polymorph (2)
Scrolls
 d - a scroll of silence
 f - 2 scrolls of summoning
 h - 2 scrolls of torment
 m - 2 scrolls of blinking {unknown}
 n - a scroll of enchant armour {unknown}
 p - a scroll of revelation {unknown}
 q - 2 scrolls of fear {unknown}
 x - a scroll of acquirement {unknown}
Potions
 b - a potion of magic
 g - 2 potions of lignification
 i - a potion of brilliance {unknown}
 j - a potion of attraction
 k - a potion of heal wounds {unknown}
 o - 2 potions of enlightenment
 r - 9 potions of curing
 v - a potion of degeneration


   Skills:
 - Level 6.0 Fighting
 + Level 8.0 Dodging
 - Level 2.1 Stealth
 - Level 6.0 Spellcasting
 - Level 0.7 Conjurations
 - Level 8.0 Earth Magic
 - Level 8.0 Alchemy
 - Level 6.0 Invocations


You had 14 spell levels left.
You knew the following spells:

 Your Spells              Type           Power      Damage    Failure   Level
a - Sandblast             Erth           98%        2d20      1%          1
b - Olgreb's Toxic Radia  Alch           49%        N/A       2%          4
c - Blink                 Tloc           14%        N/A       11%         2

Your spell library contained the following spells:

 Spells                   Type           Power      Damage    Failure   Level
 Sting                    Conj/Alch      100%       1d9       1%          1
 Mercury Vapours          Alch/Air       56%        N/A       1%          2
 Passwall                 Erth           49%        N/A       1%          3
 Leda's Liquefaction      Alch/Erth      24%        N/A       2%          4
 Petrify                  Alch/Erth      49%        N/A       2%          4
 Stone Arrow              Conj/Erth      60%        3d10      3%          3
 Magic Dart               Conj           44%        1d5       5%          1
 Mephitic Cloud           Conj/Alch/Air  22%        N/A       6%          3
 Call Imp                 Summ           14%        N/A       11%         2
 Ensorcelled Hibernation  Hex/Ice        14%        N/A       11%         2
 Brom's Barrelling Bould  Conj/Erth      30%        2d5       12%         4
 Sticky Flame             Fire/Alch      28%        2d7       13%         4
 Fugue of the Fallen      Necr           7%         N/A       21%         3
 Ozocubu's Armour         Ice            7%         N/A       21%         3
 Swiftness                Air            7%         N/A       21%         3
 Anguish                  Hex/Necr       3%         N/A       56%         4
 Metabolic Englaciation   Hex/Ice        3%         N/A       88%         5
 Manifold Assault         Tloc           3%         N/A       100%        7


Dungeon Overview and Level Annotations

Branches:
Dungeon (9/15)             Temple (1/1) D:6
   Lair: D:8-11         Orc: D:9-12

Altars:
Cheibriados
Dithmenos
Fedhas
Hepliaklqana
Kikubaaqudgha
Nemelex Xobeh
Qazlal
Ru
Sif Muna
Trog
Xom
Yredelemnul
Zin
The Shining One

Shops:
D:1 ?

Annotations:
D:9 ArthurDent's ghost, novice DEFE


Innate Abilities, Weirdness & Mutations

((You are very nimble when in or above water. (Stealth+, EV+, Speed+++)))
Your lower body shifts to a powerful aquatic tail in water.


Message History

You feel less vulnerable to fire. The howler monkey hits you.
The orc priest calls upon Beogh to heal the orc warrior.
The orc warrior is healed somewhat.
ArthurDent's ghost gestures wildly while chanting.
Flames lash you.
Your fire resistance burns away!
The deep elf pyromancer hits you with a +1 dagger of speed.
* * * LOW HITPOINT WARNING * * *
The howler monkey hoots and howls with incredible vigour!
Unknown command.
As you read the scroll of teleportation, it crumbles to dust.
You feel strangely unstable.
The orc warrior looks as sick as possible!
The bullfrog looks as sick as possible!
The orc priest looks even sicker.
The deep elf pyromancer looks as sick as possible!
Your toxic aura wanes.
You kill the orc priest!
Cheibriados appreciates the change of pace.
ArthurDent's ghost mumbles some strange words.
ArthurDent's ghost conjures some foxfire!
The deep elf pyromancer casts a spell.
The deep elf pyromancer blinks!
The howler monkey closely misses you.
Training target 6.0 for Invocations reached!
Your Invocations skill increases to level 6!
You need to enable at least one skill for training. 2 foxfires come into view.
It was a potion of curing.
You feel better.
You feel less vulnerable to fire. The foxfire hits you!
* * * LOW HITPOINT WARNING * * *
The bullfrog hits you.
* * * LOW HITPOINT WARNING * * *
ArthurDent's ghost gestures wildly while chanting.
Flames lash you.
* * * LOW HITPOINT WARNING * * *
Your fire resistance burns away!
The howler monkey hits you.
You die...
Cheibriados appreciates the motionlessness of death.

.#..'.....................#
.#)##.........#########...#
.#.#####+###..#.......#...#
.'.# #......#..#.#..#...#
.### ####...'...#.$.#...#
## #...')e...).#...# ##
#...'ov§#.[.#..## .#
##..#FW#.#..#..# .#
########..#h@§....#..# .#
#.........#########..#
.####....................#
.##.......)).))..........#
.#..#.....)...........####
.'.############.#######
.### ##.# ## ###..# #...##


You could see a deep elf pyromancer (extremely poisoned), an orc warrior
(extremely poisoned), a bullfrog (extremely poisoned), a howler monkey (very
poisoned, catching breath) and ArthurDent's ghost.

Vanquished Creatures
  Harold (D:9)
  Pikel (D:6)
  Joseph (D:8)
  A hornet (D:8)
  Sigmund (D:6)
  A wyvern (D:8)
  A water moccasin (D:7)
  3 orc warriors
  2 ice beasts
  A black bear (D:5)
  2 lemures (D:6)
  3 centaurs (D:8)
  A phantom (D:5)
  A kobold brigand (D:4)
  4 bullfrogs
  A scorpion (D:5)
  10 wights
  6 killer bees
  A howler monkey (D:8)
  3 hounds
  A quasit (D:5)
  2 bombardier beetles
  5 orc priests
  3 gnoll boudas
  3 sleepcaps
  Ijyb (D:5)
  4 iguanas
  5 orc wizards
  13 gnolls
  4 adders
  A shadow imp (D:7)
  2 white imps
  2 ufetubi (D:7)
  3 ribbon worms
  A dart slug (D:1)
  27 orcs
  7 bats
  6 endoplasms
  3 giant cockroaches
  12 goblins
  7 hobgoblins
  6 jackals
  7 kobolds
  5 quokkas
  10 ball pythons
  5 frilled lizards
  2 goblin skeletons (D:5)
  4 goblin zombies (D:5)
  2 hobgoblin zombies (D:5)
  2 kobold skeletons (D:5)
  A kobold zombie (D:5)
  2 orc skeletons (D:5)
  6 rats
209 creatures vanquished.

Vanquished Creatures (others)
  3 foxfires (D:9)
3 creatures vanquished.

Grand Total: 212 creatures vanquished

Notes
Turn   | Place    | Note
-------+----------+-------------------------------------------
     0 | D:1      | Lightli the Merfolk Alchemist began the quest for the Orb.
     0 | D:1      | Reached XP level 1. HP: 13/13 MP: 3/3
   238 | D:1      | Reached XP level 2. HP: 19/19 MP: 3/5
   369 | D:1      | Reached skill level 5 in Alchemy
   664 | D:1      | Reached XP level 3. HP: 24/24 MP: 4/6
  1023 | D:1      | Found Gyawko's Magic Scroll Shop.
  1040 | D:1      | Bought a scroll of identify for 28 gold pieces
  2063 | D:3      | Reached XP level 4. HP: 25/30 MP: 1/7
  2068 | D:3      | Learned a level 4 spell: Olgreb's Toxic Radiance
  3260 | D:4      | Reached XP level 5. HP: 27/35 MP: 8/8
  3443 | D:4      | Found a shimmering altar of Xom.
  3532 | D:4      | Noticed a kobold brigand
  3540 | D:4      | Killed a kobold brigand
  3547 | D:4      | Noticed an orc warrior
  3664 | D:4      | Killed an orc warrior
  3665 | D:4      | Reached XP level 6. HP: 22/41 MP: 3/11
  3992 | D:3      | Learned a level 1 spell: Sandblast
  4026 | D:3      | Reached skill level 1 in Earth Magic
  4242 | D:4      | Reached XP level 7. HP: 39/46 MP: 12/12
  4695 | D:5      | Entered Level 5 of the Dungeon
  5215 | D:5      | Identified the +0 hand axe of the Ageless Geomancers
                  | {flame, rC+}
  5411 | D:5      | Reached XP level 8. HP: 42/52 MP: 0/13
  5457 | D:5      | Noticed Ijyb
  5562 | D:5      | Reached skill level 5 in Earth Magic
  5625 | D:5      | Found a glowing golden altar of the Shining One.
  6416 | D:6      | Reached skill level 5 in Spellcasting
  6494 | D:6      | Noticed Sigmund
  6502 | D:6      | Killed Sigmund
  6671 | D:6      | Reached skill level 1 in Fighting
  6742 | D:6      | Reached XP level 9. HP: 57/61 MP: 11/18
  6791 | D:6      | Noticed Pikel
  6801 | D:6      | Killed Pikel
  6802 | D:6      | Reached skill level 5 in Fighting
  7194 | D:5      | Killed Ijyb
  7517 | D:6      | Found an ancient bone altar of Kikubaaqudgha.
  7560 | D:6      | Found a staircase to the Ecumenical Temple.
  7568 | Temple   | Entered the Ecumenical Temple
  7573 | Temple   | Became a worshipper of Cheibriados the Contemplative
  7613 | D:6      | Identified the +2 chain mail of Mezcal {Harm rElec Int+2}
  8311 | D:7      | Reached skill level 5 in Dodging
  8395 | D:7      | Learned a level 2 spell: Blink
  8404 | D:7      | Reached * piety under Cheibriados
  9095 | D:8      | Identified the +1 mace of Contention {heavy, rElec rN+
                  | Int-4}
  9144 | D:8      | Reached ** piety under Cheibriados
  9303 | D:8      | Noticed a hornet
  9307 | D:8      | Killed a hornet
  9308 | D:8      | Reached XP level 10. HP: 76/76 MP: 6/19
  9816 | D:8      | Noticed Joseph
  9824 | D:8      | Killed Joseph
 10313 | D:9      | Noticed Harold
 10327 | D:9      | Killed Harold
 10327 | D:9      | Reached *** piety under Cheibriados
 10608 | D:9      | Reached skill level 5 in Invocations
 10904 | D:9      | Found a runed translucent gate.
 10907 | D:9      | Found a runed translucent gate.
 10907 | D:9      | Found a runed translucent gate.
 10909 | D:9      | Noticed ArthurDent's ghost (novice DEFE)
 10914 | D:9      | Noticed a deep elf pyromancer
 11136 | D:9      | HP: 1/76 [ArthurDent's ghost (13)]
 11136 | D:9      | Slain by a howler monkey

Illustrated notes

Levels and vault maps discovered:
D:1:      sevenhm_arrival_forest_fort_large_4, layout_basic, serial_shops,
          nicolae_shop_tiny_statue_garden, minmay_indecisive_spiral
D:2:      layout_rooms, minmay_mini_jars
D:3:      layout_basic, gup_sewer_entry_bubbles, serial_rivers,
          chequers_serial_rivers_micro_a, chequers_serial_rivers_large_a,
          chequers_serial_rivers_micro_d, chequers_serial_rivers_small_a,
          minmay_misc_feat_tower
D:4:      layout_gridville, mainiacjoe_overflow_catwalk,
          minmay_manual_monstrance
D:5:      black_bear_nest_2, layout_rooms, nicolae_tso_besieged_by_evil,
          uniq_ijyb
D:6:      layout_loops_ring, lemuel_tele_altar, minmay_temple_entry_trees,
          uniq_pikel, uniq_sigmund
D:7:      layout_loops_corners, minmay_misc_feat_x, item_on_display_a
D:8:      layout_basic, uniq_joseph
D:9:      layout_roguey, gammafunk_ghost_split, uniq_harold
Temple:   minmay_freezing_vapour_temple

Skill      XL: |  1  2  3  4  5  6  7  8  9 10 |
---------------+-------------------------------+-----
Alchemy        | 5 6 7 8 |  8.0
Spellcasting   | 3 6 |  6.0
Earth Magic    | 2 4 6 8 |  8.0
Fighting       | 2 6 |  6.0
Dodging        | 8 |  8.0
Invocations    | 6 |  6.0
Stealth        | |  2.1
Conjurations   | |  0.7

Action                     |  1- 3 |  4- 6 |  7- 9 | 10-12 || total
---------------------------+-------+-------+-------+-------++-------
  Melee: Unarmed           |    16 |       |       |       ||    16
         Long sword        |       |    50 |   117 |    25 ||   192
   Cast: Sting             |    81 |    49 |   106 |     6 ||   242
         Olgreb's Toxic Ra |       |     2 |    38 |    31 ||    71
         Sandblast         |       |       |    39 |    23 ||    62
         Blink             |       |       |       |     3 ||     3
    Use: Scroll            |     3 |     2 |     2 |     3 ||    10
         Potion            |       |       |       |     1 ||     1
   Stab: Sleeping          |       |     3 |       |       ||     3
 Armour: Robe              |    26 |    34 |   197 |    39 ||   296
  Dodge: Dodged            |    30 |    61 |   177 |    48 ||   316

Table legend: (Time is in decaauts)
 A = Elapsed time spent in this place.
 B = Non-inter-level travel time spent in this place.
 C = Inter-level travel time spent in this place.
 D = Time resting spent in this place.
 E = Time spent auto-exploring this place.
 F = Levels seen in this place.
 G = Mean time per level.
                   A        B        C        D        E       F      G
               +--------+--------+--------+--------+--------+-----+--------+
         Total |  11938 |  11465 |    473 |   1166 |   8593 |  10 | 1193.8 |
       Dungeon |  11926 |  11462 |    464 |   1166 |   8593 |   9 | 1325.1 |
        Temple |     11 |      2 |      9 |      0 |      0 |   1 |   11.0 |
               +--------+--------+--------+--------+--------+-----+--------+

Top non-repeatable levels by time:
     D:5: 1606 daAuts
     D:7: 1555 daAuts
     D:8: 1466 daAuts
     D:4: 1411 daAuts
     D:3: 1381 daAuts
     D:1: 1296 daAuts
     D:6: 1271 daAuts
     D:9: 1197 daAuts
     D:2: 738 daAuts
  Temple: 11 daAuts
